 Dungeon Crawl Stone Soup version 0.22.1-2-g9c5b331383 (webtiles) character file.

900 Pocketmage the Sneak (level 7, -20/32 HPs)
             Began as a Spriggan Enchanter on Nov 24, 2018.
             Demolished by an ogre
             ... wielding a +0 giant club
              (29 damage)
             ... on level 5 of the Dungeon.
             The game lasted 00:18:01 (4158 turns).

Pocketmage the Sneak (Spriggan Enchanter)           Turns: 4158, Time: 00:18:01

Health: -20/32     AC:  3    Str:  6    XL:     7   Next: 79%
Magic:  7/16       EV: 22    Int: 16    God:
Gold:   229        SH:  0    Dex: 17    Spells: 7/16 levels left

rFire    . . .     SeeInvis +   h - +2 short sword (venom)
rCold    . . .     Gourm    .   (shield restricted)
rNeg     . . .     Faith    .   b - +0 robe
rPois    .         Spirit   .   (helmet restricted)
rElec    .         Reflect  .   t - +0 cloak
rCorr    .         Harm     .   (gloves unavailable)
MR       +....                  (boots unavailable)
Stlth    ++++......             (no amulet)
HPRegen  0.10/turn              (no ring)
MPRegen  0.15/turn              (no ring)

@: very quick
A: very small, unfitting armour, see invisible, herbivore, speed 3, slow
metabolism 2
a: no special abilities


You were on level 5 of the Dungeon.
You were near starving.

You visited 1 branch of the dungeon, and saw 5 of its levels.

You collected 229 gold pieces.

Inventory:

Hand Weapons
 a - a +1 dagger
 h - a +2 short sword of venom (weapon)
 j - a +0 hunting sling
Missiles
 k - 83 stones (quivered)
Armour
 b - a +0 robe (worn)
 t - a +0 cloak (worn)
Scrolls
 c - a scroll of identify
 i - a scroll of magic mapping {unknown}
 o - 2 scrolls of remove curse
 r - 2 scrolls of amnesia
 u - a scroll of blinking {unknown}
 w - a scroll of teleportation {unknown}
 x - a scroll of enchant armour {unknown}
Potions
 f - 2 potions of ambrosia
 g - 2 potions of heal wounds {unknown}
 l - a potion of magic {unknown}
 m - a potion of brilliance {unknown}
 n - a potion of lignification {unknown}
 p - 7 potions of curing
 q - 2 potions of flight
 s - a potion of haste {unknown}
 v - 2 potions of agility
Comestibles
 d - 4 rations


   Skills:
 + Level 4.3 Short Blades
 + Level 6.4 Dodging
 + Level 7.6 Stealth
 + Level 5.3 Spellcasting
 + Level 6.0 Hexes


You had 7 spell levels left.
You knew the following spells:

 Your Spells              Type           Power        Failure   Level  Hunger
a - Corona                Hex            ###....      1%          1    None
b - Ensorcelled Hibernat  Hex/Ice        ##....       6%          2    #......
c - Confuse               Hex            ###.....     3%          3    ###....
d - Dazzling Spray        Conj/Hex       ##....       13%         3    ###....

Your spell library contained the following spells:

 Spells                   Type           Power        Failure   Level  Hunger
 Tukima's Dance           Hex            ###.....     3%          3    ###....


Dungeon Overview and Level Annotations

Branches:
Dungeon (5/15)
 Temple: D:4-7

Altars:
Trog


Innate Abilities, Weirdness & Mutations

You are very small and have problems with some larger weapons.
You are too small for most types of armour.
You have supernaturally acute eyesight. (SInv)
You are a herbivore.
You cover ground extremely quickly.
You need to consume almost no food.


Message History

You impale the orc!!
You kill the orc!
The ball python hisses angrily.
Casting: Ensorcelled Hibernation (safe; 6% risk of failure)
Confirm with . or Enter, or press ? or * to list all spells.
Aiming: Ensorcelled Hibernation (safe; 6% risk of failure)
Press: ? - help, Shift-Dir - straight line, f - ogre
Aim: an ogre, wielding a giant club (chance to defeat MR: 44%)
The ogre resists with some effort.
The ogre misses you.
Casting: Ensorcelled Hibernation (safe; 6% risk of failure)
Confirm with . or Enter, or press ? or * to list all spells.
Aiming: Ensorcelled Hibernation (safe; 6% risk of failure)
Press: ? - help, Shift-Dir - straight line, f/p - ogre
Aim: an ogre, wielding a giant club (chance to defeat MR: 44%)
The ogre resists with some effort.
The ogre hits you with a giant club!!
Ouch! That really hurt!
* * * LOW HITPOINT WARNING * * *
The ogre hits you with a giant club!!
Ouch! That really hurt!
You die...

### #@# #O# #S#
#.# #.# #.# #.#
..............(
....o##.#######


You could see an ogre and a ball python.

Vanquished Creatures
  Grinder (D:3)
  Sigmund (D:3)
  Menkaure (D:4)
  Edmund (D:4)
  A scorpion (D:4)
  A bullfrog zombie (D:4)
  A hound (D:4)
  A gnoll shaman (D:4)
  An iguana (D:4)
  An orc wizard (D:4)
  A worker ant (D:4)
  2 adders
  8 gnolls
  3 worms
  2 dart slugs (D:1)
  A leopard gecko (D:1)
  3 orcs
  6 bats
  4 giant cockroaches
  10 goblins
  2 hobgoblins (D:2)
  3 kobolds
  A quokka (D:2)
  4 frilled lizards (D:2)
  A giant cockroach zombie (D:4)
  2 leopard gecko skeletons (D:4)
  2 rats (D:1)
65 creatures vanquished.

Notes
Turn   | Place    | Note
-------+----------+-------------------------------------------
     0 | D:1      | Pocketmage the Spriggan Enchanter began the quest for the
                  | Orb.
     0 | D:1      | Reached XP level 1. HP: 9/9 MP: 5/5
   327 | D:1      | Reached XP level 2. HP: 11/13 MP: 6/6
   380 | D:1      | Learned a level 2 spell: Ensorcelled Hibernation
   947 | D:2      | Reached XP level 3. HP: 15/16 MP: 5/8
  1014 | D:2      | Learned a level 3 spell: Confuse
  1065 | D:2      | Reached skill level 5 in Stealth
  1264 | D:2      | Reached XP level 4. HP: 13/21 MP: 2/10
  1564 | D:2      | Found a bloodstained altar of Trog.
  2227 | D:3      | Noticed Sigmund
  2242 | D:3      | Killed Sigmund
  2242 | D:3      | Reached skill level 6 in Stealth
  2242 | D:3      | Reached XP level 5. HP: 19/24 MP: 6/12
  2340 | D:3      | Noticed Grinder
  2359 | D:3      | Killed Grinder
  2359 | D:3      | Reached skill level 5 in Dodging
  2359 | D:3      | Reached skill level 5 in Hexes
  2359 | D:3      | Reached XP level 6. HP: 12/28 MP: 4/13
  3047 | D:4      | Noticed Edmund
  3212 | D:4      | Killed Edmund
  3212 | D:4      | Reached skill level 7 in Stealth
  3212 | D:4      | Reached XP level 7. HP: 32/32 MP: 3/15
  3262 | D:4      | Noticed Menkaure
  3274 | D:4      | Killed Menkaure
  3274 | D:4      | Reached skill level 5 in Spellcasting
  3279 | D:4      | Learned a level 3 spell: Dazzling Spray
  4060 | D:5      | Entered Level 5 of the Dungeon
  4158 | D:5      | Demolished by an ogre

Skill      XL: |  1  2  3  4  5  6  7 |
---------------+----------------------+-----
Spellcasting   | 3 4 5 |  5.3
Hexes          | 4 5 6 |  6.0
Stealth        | 5 6 7 |  7.6
Short Blades   | 2 3 4 |  4.3
Dodging        | 4 5 6 |  6.4

Action                   |  1- 3 |  4- 6 |  7- 9 || total
-------------------------+-------+-------+-------++-------
Melee: Dagger            |    31 |       |       ||    31
       Short sword       |    16 |    67 |    37 ||   120
 Fire: Hunting sling     |       |     4 |       ||     4
 Cast: Corona            |     4 |       |       ||     4
       Ensorcelled Hiber |    13 |    23 |    16 ||    52
       Confuse           |       |     7 |     1 ||     8
       Dazzling Spray    |       |       |     2 ||     2
  Use: Scroll            |       |       |     7 ||     7
 Stab: Sleeping          |    17 |    12 |     9 ||    38
       Confused          |       |     3 |       ||     3
  Eat: Ration            |       |     1 |       ||     1
Armor: Robe              |     5 |     3 |     1 ||     9
Dodge: Dodged            |    41 |    51 |    24 ||   116
